AoeStats
← roberto.bortolin

Black Forest

510501880Analyzed
4v4 RM · 2d ago on Oct 1, 2026· 71m 20s· 8 players
Game mode
Random Map
Map size
Large (8 player)
Population
200
Speed
Normal
Resources
Standard
Victory
Conquest
Starting age
Dark Age
Ending age
Imperial Age
RankedLock teamsTeams togetherTeam positionsShared explorationLock speedFull tech treeHidden civsTurbo modeCheats
Victory
Defeat
🇻🇳 Byzantines · Vietnam
792
+16
🇮🇳 Vietnamese · India
739
+18
🇨🇴 Franks · Colombia
716
+19
🇹🇼 Britons · Taiwan
713
+19
🇮🇹 Japanese · Italy
848
-20
🇮🇹 Italians · Italy
832
-20
🇦🇺 Romans · Australia
782
-18
🇮🇹 Celts · Italy
684
-14
iiiqq-qwzaa---q
9:11 Feudal Age
10:05 Double-Bit Axe
11:01 Wheelbarrow
12:38 Horse Collar
20:26 Castle Age
19:03 Stone Mining
20:12 Gold Mining
22:11 Hand Cart
22:08 Bow Saw
26:27 Heavy Plow
28:12 Fletching
31:55 Imperial Age
32:29 Yeomen
32:36 Bodkin Arrow
32:42 Padded Archer Armor
32:04 Elite Longbowman
33:43 Gold Shaft Mining
35:50 Chemistry
35:12 Ballistics
36:24 Bracer
36:40 Leather Archer Armor
37:38 Two-Man Saw
38:47 Ring Archer Armor
41:17 Heavy Scorpion
44:18 Siege Engineers
44:44 Onager
45:31 Caravan
RookToD2
11:53 Feudal Age
12:26 Loom
14:22 Double-Bit Axe
16:42 Castle Age
15:15 Horse Collar
17:52 Heavy Plow
18:05 Bow Saw
23:36 Wheelbarrow
23:11 Stone Mining
24:20 Elite Skirmisher
24:28 Pikeman
26:35 Hand Cart
27:04 Stone Shaft Mining
27:42 Town Watch
28:47 Caravan
30:15 Padded Archer Armor
30:05 Fletching
30:26 Thumb Ring
33:45 Imperial Age
32:42 Leather Archer Armor
32:22 Bodkin Arrow
34:14 Elite Rattan Archer
35:17 Paper Money
37:58 Imperial Skirmisher
38:41 Bracer
39:12 Ring Archer Armor
38:07 Halberdier
38:49 Squires
39:25 Forging
39:16 Scale Mail Armor
42:26 Town Patrol
44:12 Chain Mail Armor
44:32 Iron Casting
46:10 Chemistry
45:32 Ballistics
45:08 Murder Holes
46:16 Chemistry
45:23 Siege Engineers
45:30 Masonry
45:02 Treadmill Crane
46:30 Plate Mail Armor
46:09 Gold Mining
46:53 Capped Ram
61:00 Elite Fire Lancer
64:20 Arson
65:20 Guard Tower
65:17 Arrowslits
eppas123
0:37 Loom
12:52 Feudal Age
13:24 Double-Bit Axe
13:24 Fishing Lines
14:28 Horse Collar
23:13 Castle Age
23:25 Gold Mining
23:26 Stone Mining
23:46 Gillnets
25:17 Bow Saw
25:29 Caravan
26:00 Coinage
27:16 Heavy Plow
33:12 Imperial Age
31:33 Forging
31:29 Scale Barding Armor
31:26 Scale Mail Armor
33:44 Wheelbarrow
33:42 Chain Barding Armor
33:57 Iron Casting
34:06 Elite Cataphract
34:47 Greek Fire
37:41 Logistica
37:50 Chain Mail Armor
38:10 Plate Barding Armor
39:34 Banking
39:15 Guilds
39:54 Hand Cart
39:30 Light Cavalry
40:11 Husbandry
40:44 Plate Mail Armor
40:52 Crop Rotation
48:33 Hussar
luhigy23
0:55 Loom
14:20 Feudal Age
16:22 Wheelbarrow
18:53 Castle Age
19:21 Double-Bit Axe
20:02 Hand Cart
28:40 Bow Saw
29:09 Gold Mining
29:10 Stone Mining
32:14 Town Watch
32:42 Forging
32:38 Scale Barding Armor
35:45 Imperial Age
35:43 Chain Barding Armor
36:03 Iron Casting
35:33 Husbandry
36:43 Gold Shaft Mining
36:44 Chivalry
37:05 Conscription
37:48 Chemistry
36:29 Treadmill Crane
36:35 Cavalier
37:54 Plate Barding Armor
38:20 Blast Furnace
38:03 Paladin
47:10 Light Cavalry
51:43 Caravan
55:16 Elite Skirmisher
56:01 Padded Archer Armor
55:52 Fletching
56:29 Ballistics
57:34 Imperial Skirmisher
60:13 Town Patrol
60:38 Leather Archer Armor
60:18 Bodkin Arrow
61:10 Fortified Wall
61:07 Siege Engineers
61:12 Masonry
61:01 Murder Holes
60:57 Arrowslits
Kingslayers_
1:09 Loom
18:41 Feudal Age
20:21 Double-Bit Axe
20:20 Horse Collar
23:08 Castle Age
25:16 Bow Saw
38:27 Imperial Age
36:07 Heavy Plow
36:39 Ballistics
37:08 Scale Mail Armor
37:20 Forging
37:45 Stronghold
40:37 Imperial Age
38:46 Wheelbarrow
38:32 Chain Mail Armor
38:35 Masonry
38:21 Murder Holes
38:37 Fortified Wall
39:00 Arson
38:38 Pikeman
39:50 Hand Cart
40:34 Iron Casting
41:07 Halberdier
44:25 Blast Furnace
45:18 Plate Mail Armor
54:35 Gambesons
54:38 Town Watch
55:57 Chemistry
54:45 Arrowslits
57:09 Capped Ram
58:32 Furor Celtica
59:00 Hoardings
57:58 Sappers
58:50 Conscription
58:38 Siege Ram
BrunoMontalcino
7:22 Loom
11:14 Feudal Age
16:04 Castle Age
14:06 Double-Bit Axe
16:26 Horse Collar
18:53 Bow Saw
18:28 Fishing Lines
20:09 Gillnets
21:21 Wheelbarrow
20:51 Stone Mining
20:54 Gold Mining
29:51 Imperial Age
27:52 Hand Cart
28:36 Heavy Plow
30:00 Gold Shaft Mining
29:11 Treadmill Crane
29:52 Ballistics
29:43 Masonry
29:29 Murder Holes
32:31 Two-Man Saw
31:28 Fletching
31:25 Town Watch
33:01 Town Patrol
33:28 Bodkin Arrow
33:44 Siege Engineers
34:41 Chemistry
33:32 Guard Tower
33:28 Arrowslits
33:56 Yasama
34:18 Kataparuto
36:06 Bracer
36:08 Padded Archer Armor
36:38 Thumb Ring
35:55 Heavy Cavalry Archer
37:01 Parthian Tactics
37:57 Keep
39:43 Caravan
40:33 Fortified Wall
40:43 Leather Archer Armor
42:43 Hoardings
42:30 Conscription
47:30 Scale Mail Armor
47:41 Forging
48:13 Gambesons
48:29 Squires
48:15 Arson
48:02 Pikeman
49:02 Halberdier
50:04 Chain Mail Armor
50:25 Iron Casting
51:17 Plate Mail Armor
55:09 Blast Furnace
57:42 Ring Archer Armor
58:07 Herbal Medicine
59:25 Coinage
60:53 Banking
roberto.bortolin
0:30 Loom
12:31 Feudal Age
23:36 Castle Age
21:29 Fishing Lines
21:31 Horse Collar
21:39 Double-Bit Axe
21:48 Stone Mining
21:48 Gold Mining
22:36 Wheelbarrow
21:47 Town Watch
26:38 Masonry
26:34 Gillnets
28:50 Fortified Wall
30:49 Hand Cart
30:58 Treadmill Crane
31:14 Murder Holes
32:21 Silk Road
32:42 Bow Saw
32:41 Heavy Plow
34:13 Ballistics
36:38 Imperial Age
34:11 Town Patrol
34:50 Padded Archer Armor
34:41 Fletching
36:13 Leather Archer Armor
35:36 Elite Skirmisher
36:22 Thumb Ring
37:29 Stone Shaft Mining
37:06 Bodkin Arrow
38:34 Ring Archer Armor
38:05 Bracer
39:09 Two-Man Saw
38:48 Conscription
39:26 Crop Rotation
40:10 Hoardings
41:09 Chemistry
40:40 Architecture
39:57 Arrowslits
42:08 Caravan
61:40 Elite Genoese Crossbowman
az89
3:59 Loom
14:44 Feudal Age
15:11 Double-Bit Axe
15:10 Fishing Lines
16:29 Gold Mining
17:18 Wheelbarrow
19:11 Stone Mining
20:52 Town Watch
24:02 Castle Age
22:13 Man-at-Arms
23:04 Scale Mail Armor
23:14 Forging
23:12 Scale Barding Armor
25:13 Caravan
26:22 Bow Saw
26:06 Gillnets
30:40 Gold Shaft Mining
29:48 Horse Collar
31:11 Heavy Plow
35:36 Imperial Age
32:51 Long Swordsman
36:01 Hand Cart
36:39 Iron Casting
36:21 Chain Mail Armor
36:58 Crop Rotation
37:07 Conscription
36:54 Squires
37:28 Legionary
39:14 Comitatenses
38:45 Elite Centurion
40:00 Chain Barding Armor
39:32 Fletching
40:38 Husbandry
40:49 Bloodlines
41:18 Plate Barding Armor
41:44 Blast Furnace
45:48 Padded Archer Armor
45:43 Bodkin Arrow
46:02 Elite Skirmisher
46:05 Heavy Cavalry Archer
47:07 Leather Archer Armor
46:52 Heavy Scorpion
47:49 Ballistas
54:19 Capped Ram
56:21 Onager
60:51 Ballistics
61:31 Chemistry
62:01 Cavalier
Connection lost

Rejoining the realm…

Still unreachable

The connection could not be restored.

Session expired

The server has moved on; the page needs a fresh start.